 Dungeon Crawl Stone Soup version 0.30-a0-23-ge60ba3568b (webtiles) character file.

Game seed: 10168407294068804815

39 Sobieck the Sneak (level 3, 0/18 HPs)
             Began as a Vine Stalker Brigand on Aug 25, 2022.
             Slain by a gnoll
             ... wielding a +0 club
              (2 damage)
             ... on level 1 of the Dungeon.
             The game lasted 00:01:49 (675 turns).

Sobieck the Sneak (Vine Stalker Brigand)             Turns: 675, Time: 00:01:49

Health: 0/18       AC:  2    Str: 13    XL:     3   Next: 47%
Magic:  0/4        EV: 11    Int: 11    God:
Gold:   32         SH:  0    Dex: 17    Spells: 2/2 levels left

rFire   + . .      SeeInvis .    a - +2 dagger {short}
rCold   + . .      Faith    .    (no shield)
rNeg    . . .      Spirit   +    f - +0 robe
rPois   .          Reflect  .    (no helmet)
rElec   .          Harm     .    i - scarf {rC+ rF+}
rCorr   .          Rampage  .    (no gloves)
Will    .....                    (no boots)
Stlth   +++.......               (no amulet)
HPRegen 0.06/turn                (no ring)
MPRegen 0.09/turn                (no ring)

@: no status effects
A: fangs 2, magic shield, antimagic bite, no potion heal 2
a: no special abilities


You were on level 1 of the Dungeon.
You visited 1 branch of the dungeon, and saw 1 of its levels.

You collected 32 gold pieces.


Innate Abilities, Weirdness & Mutations

You have extremely sharp teeth.
When hurt, damage is shared between your health and your magic reserves.
Your bite disrupts and absorbs the magic of your enemies.
Potions cannot restore your health.


   Skills:
 - Level 1.7 Fighting
 * Level 3.0 Short Blades
 + Level 1.3 Ranged Weapons
 - Level 1.7 Throwing
 - Level 0.7 Dodging
 - Level 4.8 Stealth


You had 2 spell levels left.
You didn't know any spells.
Your spell library was empty.

Inventory:

Hand Weapons
 a - a +2 dagger (weapon) {short}
 b - a +0 sling
   (You found it on level 1 of the Dungeon)
Missiles
 d - 9 poisoned darts (quivered) {throwing}
 e - 3 curare-tipped darts {=fthrowing}
 g - 9 stones {throwing}
Armour
 c - a +0 cloak
 f - a +0 robe (worn)
 i - a scarf of resistance (worn)
   (You found it on level 1 of the Dungeon)
Scrolls
 h - 2 scrolls of enchant armour {unknown}
 j - a scroll of identify {unknown}

Dungeon Overview and Level Annotations

Branches:
Dungeon (1/15) Zot: 5319

Altars:

# .#####
#......
########...##
#....@gg....#
#.######.......
#.# #.##### #.#
.# #)# # #.#
#.# #.#
######### #.#
..~..~..#


You could see a gnoll and a goblin.


Message History

The quokka bites you but does no damage.
You barely miss the quokka. You bite the quokka.
You kill the quokka!
No target in view!
b - a +0 sling (weapon)
You see here a quokka corpse.
A frilled lizard comes into view.
Danger!
You shoot a sling bullet.
The sling bullet hits the frilled lizard.
You kill the frilled lizard!
You have reached level 3!
Your experience leads to an increase in your attributes!
Increase (S)trength, (I)ntelligence, or (D)exterity?
You feel agile. x2
Okay, then.
Unknown command.
A goblin comes into view. It is wielding a +0 club.
Danger!
You shoot a sling bullet.
The sling bullet hits the goblin but does no damage.
You hear an angry hiss.
A frilled lizard comes into view.
You shoot a sling bullet. The sling bullet hits the goblin.
The goblin hits you with a +0 club.
a - a +2 dagger (weapon)
{short} The goblin hits you with a +0 club.
You hit the goblin.
You kill the goblin!
You barely miss the frilled lizard. Your bite misses the frilled lizard.
The frilled lizard bites you but does no damage.
You closely miss the frilled lizard. The frilled lizard misses you.
You barely miss the frilled lizard.
The frilled lizard completely misses you.
You hit the frilled lizard.
You kill the frilled lizard!
No target in view!
b - a +0 sling (weapon)
A frilled lizard comes into view.
Found a faded altar of an unknown god.
Danger!
You shoot a sling bullet.
The sling bullet hits the frilled lizard!
You kill the frilled lizard!
No target in view!
No target in view!
You enter the shallow water.
Moving in this stuff is going to be slow.
A bat comes into view.
Danger!
You shoot a sling bullet. The sling bullet hits the bat.
You kill the bat!
No target in view!
No target in view!
You enter the shallow water.
Moving in this stuff is going to be slow.
A gnoll comes into view. It is wielding a +0 whip.
The gnoll shouts!
Danger!
You shoot a sling bullet. The sling bullet hits the gnoll!
You shoot a sling bullet. The sling bullet hits the gnoll!
You kill the gnoll!
No target in view!
A goblin comes into view. It is wielding a +0 club.
Danger!
You shoot a sling bullet. The sling bullet hits the goblin.
You shoot a sling bullet. The sling bullet hits the goblin.
You kill the goblin!
Your Short Blades skill increases to level 3!
No target in view!
Things that are here:
a +0 club {mace}; a goblin corpse A goblin comes into view.
It is wielding a +0 club.
The goblin shouts!
Danger!
You shoot a sling bullet.
The sling bullet closely misses the goblin.
You shoot a sling bullet. The sling bullet hits the goblin.
You kill the goblin!
No target in view!
Things that are here:
a +0 club {mace}; a goblin corpse A goblin comes into view.
It is wielding a +0 club.
Danger!
You shoot a sling bullet. The sling bullet hits the goblin.
The goblin shouts!
You hear a shout! x2
You shoot a sling bullet. The sling bullet hits the goblin.
A gnoll comes into view. It is wielding a +0 club.
You shoot a sling bullet. The sling bullet hits the gnoll.
The gnoll attacks as you move away! The gnoll hits you with a +0 club!
The gnoll attacks as you move away! The gnoll hits you with a +0 club.
* * * LOW HITPOINT WARNING * * *
a - a +2 dagger (weapon)
{short} Unknown command.
You hit the gnoll but do no damage. The gnoll barely misses you.
You hit the gnoll but do no damage. The gnoll hits you with a +0 club.
* * * LOW HITPOINT WARNING * * *
Unknown command.
You closely miss the gnoll. The gnoll hits you with a +0 club.
You die...

Skill      XL: |  1  2  3 |
---------------+----------+-----
Short Blades   | 2 3 |  3.0
Ranged Weapons | 1 |  1.3
Fighting       | |  1.7
Throwing       | |  1.7
Dodging        | |  0.7
Stealth        | |  4.8

Action                   || total
-------------------------++-------
Melee: Dagger            ||    35
       Bite              ||     8
 Fire: Sling             ||    39
Armor: Robe              ||     9
Dodge: Dodged            ||    18

Levels and vault maps discovered:
D:1:      wander_arrival_desolate, layout_loops_ring,
          chequers_ecumenical_altar_island

Notes
Turn   | Place    | Note
-------+----------+-------------------------------------------
     0 | D:1      | Sobieck the Vine Stalker Brigand began the quest for the
                  | Orb.
     0 | D:1      | Reached XP level 1. HP: 11/11 MP: 2/2
   126 | D:1      | Reached skill level 2 in Short Blades
   149 | D:1      | Reached XP level 2. HP: 11/15 MP: 1/3
   442 | D:1      | Reached skill level 1 in Ranged Weapons
   516 | D:1      | Reached XP level 3. HP: 18/18 MP: 4/4
   599 | D:1      | Found a faded altar of an unknown god.
   624 | D:1      | Reached skill level 3 in Short Blades
   674 | D:1      | HP: 2/18 [gnoll/+0 club (3)]
   675 | D:1      | Slain by a gnoll

Vanquished Creatures
  A gnoll (D:1)
  3 bats (D:1)
  3 endoplasms (D:1)
  A giant cockroach (D:1)
  A hobgoblin (D:1)
  3 jackals (D:1)
  4 kobolds (D:1)
  2 quokkas (D:1)
  3 frilled lizards (D:1)
  5 goblins (D:1)
26 creatures vanquished.

Table legend:
 A = Non-vault XP
 B = Vault XP
 C = Vault XP percentage of total XP
 D = Non-vault monster count
 E = Vault monster count
 F = Vault count percentage of total count
                 A         B        C        D         E       F
            +---------+---------+-------+---------+---------+-------
      Total |      57 |       0 |   0.0 |      26 |       0 |   0.0
            +---------+---------+-------+---------+---------+-------
        D:1 |      57 |       0 |   0.0 |      26 |       0 |   0.0
            +---------+---------+-------+---------+---------+-------

Illustrated notes

Table legend:
 A = Kills in this place as a percentage of kills in entire the game.
 B = Kills by you in this place as a percentage of kills by you in the entire game.
 C = Kills by friends in this place as a percentage of kills by friends in the entire game.
 D = Other kills in this place as a percentage of other kills in the entire game.
 E = Experience gained in this place as a percentage of experience gained in the entire game.
 F = Experience gained in this place divided by the number of levels of this place that you have seen.
                   A       B       C       D       E      F
               +-------+-------+-------+-------+-------+----------------------
         Total | 100.0 | 100.0 |   N/A |   N/A | 100.0 |  57.0
       Dungeon | 100.0 | 100.0 |   N/A |   N/A | 100.0 |  57.0
               +-------+-------+-------+-------+-------+----------------------

Table legend: (Time is in decaauts)
 A = Elapsed time spent in this place.
 B = Non-inter-level travel time spent in this place.
 C = Inter-level travel time spent in this place.
 D = Time resting spent in this place.
 E = Time spent auto-exploring this place.
 F = Levels seen in this place.
 G = Mean time per level.
                   A        B        C        D        E       F      G
               +--------+--------+--------+--------+--------+-----+--------+
         Total |    679 |    679 |      0 |      0 |    520 |   1 |  679.0 |
       Dungeon |    679 |    679 |      0 |      0 |    520 |   1 |  679.0 |
               +--------+--------+--------+--------+--------+-----+--------+

Top non-repeatable levels by time:
     D:1: 679 daAuts
